 Dungeon Crawl Stone Soup version 0.29.1-12-g30fa7ad0bf (webtiles) character file.

Game seed: 7821224867885621238

377 xian the Chopper (level 6, -5/46 HPs)
             Began as a Demonspawn Gladiator on Jan 6, 2023.
             Splashed by a jelly's acid (7 damage)
             ... in a sewer.
             The game lasted 00:07:16 (2323 turns).

xian the Chopper (Demonspawn Gladiator)             Turns: 2323, Time: 00:07:17

Health: -5/46      AC:  1    Str: 17    XL:     6   Next: 45%
Magic:  6/6        EV:  8    Int: 15    God:
Gold:   72         SH:  0    Dex: 16    Spells: 5/5 levels left

rFire   . . .      SeeInvis .   a - +0 war axe
rCold   . . .      Faith    .   (no shield)
rNeg    . . .      Spirit   .   w - +0 chain mail
rPois   .          Reflect  .   (helmet restricted)
rElec   +          Harm     .   g - +0 cloak
rCorr   .          Rampage  .   (no gloves)
Will    .....                   (no boots)
Stlth   ..........              r - amulet of regeneration
HPRegen 0.95/turn               t - +6 ring of intelligence
MPRegen 0.10/turn               (no ring)

@: corroded, flying
A: hooves 2, yellow scales 2, antennae 1, thin skeletal structure 1, electricity
resistance
a: no special abilities


You were in a sewer.
You visited 1 branch of the dungeon, and saw 4 of its levels.
You also visited: Sewer.

You collected 98 gold pieces.
You spent 26 gold pieces at shops.

Inventory:

Hand Weapons
 a - a +0 war axe (weapon)
Missiles
 d - 2 throwing nets
 e - a javelin
 h - 12 stones
 o - 8 poisoned darts (quivered)
 q - 9 boomerangs
Armour
 c - a +0 helmet
 g - a +0 cloak (worn)
 w - a +0 chain mail (worn)
Magical Staves
 n - a staff of fire
Jewellery
 r - an amulet of regeneration (around neck)
 t - a +6 ring of intelligence (left hand)
 v - an amulet of the acrobat
Wands
 s - a wand of flame (13)
Scrolls
 b - a scroll of teleportation
 f - 2 scrolls of fear
 l - a scroll of enchant armour
 m - a scroll of identify
Potions
 j - a potion of heal wounds


   Skills:
 + Level 2.6 Fighting
 + Level 5.3 Axes
 + Level 2.0 Throwing
 + Level 2.5 Armour
 + Level 3.2 Dodging
 + Level 0.3 Stealth


You had 5 spell levels left.
You didn't know any spells.
Your spell library contained the following spells:

 Spells                   Type           Power      Damage    Failure   Level
 Ignite Poison            Fire/Tmut/Pois 0%         N/A       100%        3
 Mephitic Cloud           Conj/Pois/Air  0%         N/A       100%        3
 Freezing Cloud           Conj/Ice/Air   0%         6-21      100%        5


Dungeon Overview and Level Annotations

Branches:
Dungeon (4/15)              Sewer (1/1)
 Temple: D:4-7

Altars:

Shops:
D:2 ?


Innate Abilities, Weirdness & Mutations

You have hoof-like feet.
You are mostly covered in yellow scales. (AC +3)
You have a pair of small antennae on your head.
You have a somewhat thin skeletal structure. (Dex +2, Stealth+)
You are resistant to electric shocks. (rElec)


Message History

The jelly hits you but does no damage. The jelly barely misses you.
It was a potion of flight.
You feel very buoyant.
You fly up into the air.
The jelly hits you.
You are splashed with acid!
The jelly hits you.
You are splashed with acid!
Unknown command.
It was a potion of mutation.
You feel extremely strange. A pair of antennae grows on your head!
Your +0 helmet falls away!
Your bones become slightly less dense.
You feel insulated. The jelly hits you but does no damage.
The jelly jiggles.
The jelly barely misses you.
Aiming: Throw Flame
Press: ? - help, Shift-Dir - straight line, f - jelly
Aim: a jelly (moderately wounded, 100% to hit)
The puff of flame hits the jelly.
The jelly is severely wounded.
The jelly hits you.
You are splashed with acid!
* * * LOW HITPOINT WARNING * * *
The jelly is engulfed in a cloud of scalding steam.
The jelly hits you but does no damage.
Aiming: Throw Flame
Press: ? - help, Shift-Dir - straight line, f/p - jelly
Aim: a jelly (steam, severely wounded, 100% to hit)
The puff of flame hits the jelly.
You kill the jelly!
The jelly closely misses you.
Unknown command.
Cleave: a) +0 war axe
Press: ? - help, Dir - move target, f - jelly
Aim: a jelly (moderately wounded, about 10% to evade your +0 war axe)
You hit the jelly. The acid corrodes you!
Your hands burn!
* * * LOW HITPOINT WARNING * * *
You kick the jelly, but do no damage.
The jelly is heavily wounded.
The jelly hits you.
* * * LOW HITPOINT WARNING * * *
You are splashed with acid!
You die...

#.... #~.~~ ~..~#
.~~~# #.~~ #~~
####~.## ##....~J##
#∩~.~~~~@#
###########
.~~###.§.#
#..~..~..~. #.~
##~.####
#~.......~. #~~
#~..~.###.~########
#~~. ##.~~.~~##..#
##~~~##~..##.~##..#
...~.#~.†##
~.##..########
..~.~..~##
###..~.~...~.
#..~.~.~##
#..~.~...~.


You could see a jelly.

Vanquished Creatures
  Grinder (D:3)
  A jelly (Sewer)
  A gnoll (D:1)
  6 adders
  2 river rats
  A worm (D:3)
  A dart slug (D:2)
  2 orcs
  11 endoplasms
  4 giant cockroaches
  4 goblins
  7 hobgoblins
  A quokka (D:1)
  5 ball pythons
  2 bats
  2 frilled lizards
  6 kobolds
  9 rats
66 creatures vanquished.

Vanquished Creatures (others)
  2 fungi (D:2)
  2 plants (D:2)
4 creatures vanquished.

Grand Total: 70 creatures vanquished

Notes
Turn   | Place    | Note
-------+----------+-------------------------------------------
     0 | D:1      | xian the Demonspawn Gladiator began the quest for the Orb.
     0 | D:1      | Reached XP level 1. HP: 16/16 MP: 1/1
    56 | D:1      | Reached skill level 3 in Axes
    56 | D:1      | Gained mutation: You are partially covered in yellow
                  | scales. (AC +2) [demonic ancestry]
    56 | D:1      | Reached XP level 2. HP: 16/22 MP: 2/2
  1121 | D:2      | Found Xurphukh's Magic Scroll Shop.
  1143 | D:2      | Bought a scroll of identify for 26 gold pieces
  1297 | D:2      | Gained mutation: You have large cloven feet. [demonic
                  | ancestry]
  1297 | D:2      | Reached XP level 3. HP: 20/27 MP: 3/3
  1366 | D:2      | Found a faded altar of an unknown god.
  1985 | D:3      | Reached XP level 4. HP: 33/33 MP: 4/4
  1987 | D:3      | Reached skill level 1 in Armour
  2123 | D:3      | Noticed Grinder
  2127 | D:3      | Paralysed by Grinder for 4 turns
  2155 | D:3      | Found a glowing drain.
  2173 | D:3      | Paralysed by Grinder for 3 turns
  2180 | D:3      | Reached skill level 4 in Axes
  2184 | D:3      | Paralysed by Grinder for 2 turns
  2190 | D:3      | Killed Grinder
  2191 | D:3      | Reached skill level 5 in Axes
  2191 | D:3      | Gained mutation: You have hoof-like feet. [demonic
                  | ancestry]
  2191 | D:3      | Reached XP level 5. HP: 25/39 MP: 5/5
  2191 | D:3      | Gained mutation: You are mostly covered in yellow scales.
                  | (AC +3) [demonic ancestry]
  2191 | D:3      | Reached XP level 6. HP: 29/46 MP: 6/6
  2193 | Sewer    | Entered a sewer
  2320 | Sewer    | Gained mutation: You have a pair of small antennae on your
                  | head. [potion of mutation]
  2320 | Sewer    | Gained mutation: You have a somewhat thin skeletal
                  | structure. (Dex +2, Stealth+) [potion of mutation]
  2320 | Sewer    | Gained mutation: You are resistant to electric shocks.
                  | (rElec) [potion of mutation]
  2323 | Sewer    | HP: 2/46 [jelly (3)]
  2323 | Sewer    | Splashed by a jelly's acid

Illustrated notes

Levels and vault maps discovered:
D:1:      dpeg_arrival_stonehenge_8_columns, layout_basic,
          hangedman_decor_lopped
D:2:      layout_loops_ring, shapermc_ecumenical_altar_mp_ritualfount,
          serial_shops, shop
D:3:      layout_rooms, portal_sewer_entry_c, serial_bayou_pond_a,
          uniq_crazy_yiuf_cottage, uniq_grinder, uniq_ijyb
D:4:      layout_rooms, minmay_temple_entry_mist, minmay_misc_feat_ornament,
          kennysheep_generic_room_13
Sewer:    sewer_hellmonk_slimy_pipes

Skill      XL: |  1  2  3  4 |
---------------+-------------+-----
Axes           | 3 5 |  5.3
Dodging        | 3 |  3.2
Throwing       | 2 |  2.0
Armour         | 2 |  2.5
Fighting       | |  2.6
Stealth        | |  0.3

Action                   |  1- 3 |  4- 6 || total
-------------------------+-------+-------++-------
Melee: War axe           |    71 |    92 ||   163
       Punch             |     2 |     1 ||     3
       Kick              |     7 |    20 ||    27
Throw: Javelin           |     2 |       ||     2
       Dart              |     3 |       ||     3
       Throwing net      |     1 |       ||     1
Evoke: Wand              |       |     2 ||     2
  Use: Scroll            |     5 |       ||     5
       Potion            |       |     4 ||     4
 Stab: Held in net/web   |     1 |       ||     1
Armor: Scale mail        |    24 |       ||    24
       Leather armour    |     1 |       ||     1
       Chain mail        |     7 |    94 ||   101
Dodge: Dodged            |    32 |    61 ||    93
